 Dungeon Crawl Stone Soup version 0.26-a0-808-g930a2b7adc (webtiles) character file.

Game seed: 9222031582998809340

12 Morbidden the Sneak (level 2, -1/22 HPs)
             Began as a Demonspawn Brigand on Nov 12, 2020.
             Slain by a gnoll (3 damage)
             ... on level 1 of the Dungeon.
             The game lasted 00:00:44 (364 turns).

Morbidden the Sneak (Demonspawn Brigand)             Turns: 364, Time: 00:00:45

Health: -1/22      AC:  3    Str: 11    XL:     2   Next: 20%
Magic:  2/2        EV: 12    Int: 12    God:
Gold:   13         SH:  0    Dex: 14    Spells: 1/1 levels left

rFire    . . .     SeeInvis .   (no weapon)
rCold    . . .     Faith    .   (no shield)
rNeg     . . .     Spirit   .   b - +0 robe
rPois    .         Reflect  .   (no helmet)
rElec    .         Harm     .   c - +0 cloak
rCorr    .         Rampage  .   (no gloves)
MR       .....                  (no boots)
Stlth    +++.......             (no amulet)
HPRegen  0.07/turn              (no ring)
MPRegen  0.08/turn              (no ring)

@: no status effects
A: claws 1
a: no special abilities


You were on level 1 of the Dungeon.
You visited 1 branch of the dungeon, and saw 1 of its levels.

You collected 13 gold pieces.

Inventory:

Armour
 b - a +0 robe (worn)
 c - a +0 cloak (worn)


   Skills:
 * Level 2.0 Fighting
   Level 1.8 Short Blades
 + Level 2.0 Throwing
 + Level 1.0 Dodging
 + Level 4.0 Stealth


You had one spell level left.
You didn't know any spells.
Your spell library was empty.

Dungeon Overview and Level Annotations

Branches:
Dungeon (1/15)

Altars:


Innate Abilities, Weirdness & Mutations

You have sharp fingernails.


Message History

You barely miss the gnoll. The bat misses you.
The gnoll hits you but does no damage.
Unknown command.
You scratch the gnoll.
The gnoll is lightly wounded.
The bat hits you but does no damage. The gnoll hits you!
You are too injured to fight recklessly!
You closely miss the gnoll.
The gnoll is lightly wounded.
The bat hits you but does no damage. The gnoll completely misses you.
You are too injured to fight recklessly!
You scratch the gnoll but do no damage. The bat misses you. The gnoll hits you.
You scratch the gnoll.
The gnoll is lightly wounded.
The bat hits you but does no damage. The gnoll hits you!
* * * LOW HITPOINT WARNING * * *
You barely miss the gnoll.
The gnoll is lightly wounded.
The gnoll hits you.
You die...

#...#########
#............
#............ ###
#............ #..
+............ #..
#..>.b......( #..
#............ #..
#..)#@##..#### #..
#...#g#......# #..
#...#(#......# #.) ..
+.gg#.#......# ###
....###.#.#......#
.........(#.†....#
....###.###..)...#########
## #...'......'........
#####......##...###.


You could see a gnoll and a bat.

Vanquished Creatures
  A bat (D:1)
  2 goblins (D:1)
  4 hobgoblins (D:1)
  A ball python (D:1)
  A frilled lizard (D:1)
  A kobold (D:1)
  A rat (D:1)
11 creatures vanquished.

Notes
Turn   | Place    | Note
-------+----------+-------------------------------------------
     0 | D:1      | Morbidden the Demonspawn Brigand began the quest for the
                  | Orb.
     0 | D:1      | Reached XP level 1. HP: 16/16 MP: 1/1
   320 | D:1      | Gained mutation: You have sharp fingernails. [demonic
                  | ancestry]
   320 | D:1      | Reached XP level 2. HP: 22/22 MP: 2/2
   337 | D:1      | Reached skill level 1 in Dodging
   358 | D:1      | Reached skill level 4 in Stealth
   364 | D:1      | Slain by a gnoll

Illustrated notes

Levels and vault maps discovered:
D:1:      eino_arrival_cavern_a, layout_basic

Skill      XL: |  1  2 |
---------------+-------+-----
Throwing       | 2 |  2.0
Dodging        | 1 |  1.0
Stealth        | 4 |  4.0
Fighting       | |  2.0
Short Blades   | |  1.8

Action                   || total
-------------------------++-------
Melee: Dagger            ||    14
       Unarmed           ||    12
Throw: Dart              ||    19
 Stab: Sleeping          ||     1
Armor: Robe              ||    16
Dodge: Dodged            ||    27

Table legend: (Time is in decaauts)
 A = Elapsed time spent in this place.
 B = Non-inter-level travel time spent in this place.
 C = Inter-level travel time spent in this place.
 D = Time resting spent in this place.
 E = Time spent auto-exploring this place.
 F = Levels seen in this place.
 G = Mean time per level.
                   A        B        C        D        E       F      G
               +--------+--------+--------+--------+--------+-----+--------+
         Total |    360 |    360 |      0 |      0 |    277 |   1 |  360.0 |
       Dungeon |    360 |    360 |      0 |      0 |    277 |   1 |  360.0 |
               +--------+--------+--------+--------+--------+-----+--------+

Top non-repeatable levels by time:
     D:1: 360 daAuts
